 Dungeon Crawl Stone Soup version 0.23-b1-3-gdda8187c6f (webtiles) character file.

Game seed: 10210275055919825909

95 Kagamaro the Insei (level 4, -3/28 HPs)
             Began as an Octopode Transmuter on Jan 31, 2019.
             Shot with a stone by a goblin (7 damage)
             ... led by Robin
             ... on level 2 of the Dungeon.
             The game lasted 00:14:28 (1632 turns).

Kagamaro the Insei (Octopode Transmuter)            Turns: 1632, Time: 00:14:28

Health: -3/28      AC:  1    Str: 10    XL:     4   Next: 66%
Magic:  7/8        EV: 13    Int: 15    God:
Gold:   85         SH:  0    Dex: 12    Spells: 5/9 levels left

rFire    . . .     SeeInvis .     - Unarmed
rCold    . . .     Gourm    .   (no shield)
rNeg     . . .     Faith    .   (helmet restricted)
rPois    .         Spirit   .   (no amulet)
rElec    .         Reflect  .   (no ring)
rCorr    .         Harm     .   (no ring)
MR       .....                  (no ring)
Stlth    ++........             (no ring)
HPRegen  0.09/turn              (no ring)
MPRegen  0.11/turn              (no ring)
                                (no ring)
                                (no ring)

@: appendage
A: almost no armour, stealthy swim, amphibious, 8 rings, constrict 8, tentacle
spike 3, camouflage 1, gelatinous body 1
a: End Transformation


You were on level 2 of the Dungeon.
You were not hungry.
One of your tentacles had a temporary spike.
You visited 1 branch of the dungeon, and saw 2 of its levels.

You collected 85 gold pieces.

Inventory:

Missiles
 a - 67 arrows
Scrolls
 d - a scroll of teleportation {unknown}
 e - 2 scrolls of blinking {unknown}
 f - a scroll of fog {unknown}
 g - 2 scrolls of enchant armour {unknown}
 h - a scroll of remove curse {unknown}
 j - a scroll of magic mapping {unknown}
 k - a scroll of identify {unknown}
 l - a scroll of enchant weapon {unknown}
Potions
 b - a potion of curing {unknown}
 i - a potion of mutation {unknown}
Comestibles
 c - 2 rations
 m - 4 chunks of flesh


   Skills:
 + Level 1.0 Fighting
 + Level 2.1 Dodging
 + Level 3.8 Unarmed Combat
 + Level 3.0 Spellcasting
 * Level 3.0 Transmutations


You had 5 spell levels left.
You knew the following spells:

 Your Spells              Type           Power        Failure   Level  Hunger
a - Beastly Appendage     Tmut           ##....       6%          1    #......
b - Spider Form           Tmut/Pois      #.........   32%         3    ###....

Your spell library contained the following spells:

 Spells                   Type           Power        Failure   Level  Hunger
 Sticks to Snakes         Tmut           ##......     9%          2    ##.....
 Ice Form                 Ice/Tmut       #.......     71%         4    #####..
 Blade Hands              Tmut           ##........   85%         5    ######.


Dungeon Overview and Level Annotations

Branches:
Dungeon (2/15)

Altars:

Annotations:
D:2 1 runed translucent door, Crazy Yiuf, Robin


Innate Abilities, Weirdness & Mutations

You cannot wear most types of armour.
You are very stealthy in the water. (Stealth+)
You are amphibious.
You can wear up to eight rings at the same time.
You can use your tentacles to constrict eight enemies at once.
Your skin changes colour to match your surroundings (Stealth+).
Your rubbery body absorbs attacks. (AC +1, EV +1)
One of your tentacles bears a large vicious spike.


Message History

The goblin no longer looks unusually strong.
Robin roars a battlecry!
The goblins go into a battle-frenzy!
The goblin unwields a +0 club.
The goblin wields a +0 hunting sling.
The goblin shoots a stone.
The stone barely misses you.
You see here a stone.
The goblin shoots a stone.
The stone hits you.
* * * LOW HITPOINT WARNING * * *
Casting: Beastly Appendage (safe; 6% risk of failure)
Confirm with . or Enter, or press ? or * to list all spells.
One of your tentacles grows a vicious spike.
The goblin hits you with a +0 dagger.
* * * LOW HITPOINT WARNING * * *
You barely miss the goblin. Your grab misses the goblin.
You pierce the goblin, but do no damage.
The goblin closely misses you.
You bludgeon the goblin!
You kill the goblin!
The goblin shoots a stone.
The stone hits you!
You die...

##.....#
#.......#...)..##.#
...)...#
#.......#......##)#
.......#
#.......##.....##.#
....##.#
#.......##.######.#
....##.# ##'....###..#
#.# ....##.# #'..)...##.#
#.#
.......#######'....#.##.#
#.#
....#####........###.##.#
#.# ##### #.......@#
#.##.#####.### #........#
#.............
#........######.#........
#.......).# #.#........
#.......#g#####...)......
######....g(.............
####................
#...)..g...##'###
########..###.#


You could see Robin and a goblin.

Vanquished Creatures
  4 adders (D:2)
  A worm (D:2)
  2 dart slugs
  A leopard gecko (D:1)
  A ball python (D:1)
  A giant cockroach (D:1)
  8 hobgoblins
  5 jackals (D:1)
  4 kobolds
  2 quokkas (D:2)
  4 bats
  11 goblins
  4 rats
48 creatures vanquished.

Notes
Turn   | Place    | Note
-------+----------+-------------------------------------------
     0 | D:1      | Kagamaro the Octopode Transmuter began the quest for the
                  | Orb.
     0 | D:1      | Reached XP level 1. HP: 13/13 MP: 3/3
   169 | D:1      | Reached XP level 2. HP: 16/18 MP: 3/5
   588 | D:1      | Reached XP level 3. HP: 20/23 MP: 4/6
  1060 | D:2      | Learned a level 3 spell: Spider Form
  1123 | D:2      | Reached XP level 4. HP: 27/28 MP: 8/8
  1511 | D:2      | Found a runed translucent door.
  1512 | D:2      | Noticed Crazy Yiuf
  1594 | D:2      | Noticed Robin
  1632 | D:2      | Shot with a stone by a goblin

Skill      XL: |  1  2  3  4 |
---------------+-------------+-----
Spellcasting   | 3 |  3.0
Transmutations | 3 |  3.0
Fighting       | |  1.0
Dodging        | |  2.1
Unarmed Combat | |  3.8

Action                   |  1- 3 |  4- 6 || total
-------------------------+-------+-------++-------
Melee: Unarmed           |    55 |    39 ||    94
       Constrict         |    17 |    13 ||    30
       Tentacles         |     6 |     3 ||     9
       Kick              |    15 |    11 ||    26
       Punch             |     1 |     2 ||     3
 Cast: Beastly Appendage |    22 |    12 ||    34
       Spider Form       |     1 |       ||     1
 Stab: Sleeping          |     3 |       ||     3
  Eat: Chunk             |       |     3 ||     3
Armor: Skin              |     5 |     4 ||     9
Dodge: Dodged            |    21 |    22 ||    43
